 Dungeon Crawl Stone Soup version 0.31-a0-16-g6d2539766c (webtiles) character file.

Game seed: 17277307467699639448

26 subawu the Ruffian (level 2, -2/23 HPs)
             Began as a Draconian Transmuter on May 8, 2023.
             Frozen to death by an endoplasm (3 damage)
             ... on level 1 of the Dungeon.
             The game lasted 00:02:35 (470 turns).

subawu the Ruffian (Draconian Transmuter)            Turns: 470, Time: 00:02:36

Health: -2/23      AC:  4    Str: 12    XL:     2   Next: 89%
Magic:  4/5        EV: 12    Int: 13    God:
Gold:   18         SH:  0    Dex: 11    Spells: 4/5 levels left

rFire   . .          .
                       - Unarmed
rCold   . . .        (no shield)
rNeg    . . .        (body armour unavailable)
rPois   .            (helmet currently unavailable)
rElec   .            (no cloak)
rCorr   .            (no gloves)
SInv    .            (boots currently unavailable)
Will    .....        (no amulet)
Stlth   +            (no ring)
HPRegen 0.23/turn    (no ring)
MPRegen 0.09/turn

%: no passive effects
@: appendages
A: horns 2, talons 2, AC +4, unfitting armour, cold-blooded
a: End Transformation


You were on level 1 of the Dungeon.
You had temporarily grown beastly horns and talons.
You visited 1 branch of the dungeon, and saw 1 of its levels.

You collected 18 gold pieces.

Inventory:

Missiles
 c - 2 silver boomerangs
Scrolls
 b - a scroll of immolation {unknown}
Potions
 a - a potion of lignification


   Skills:
 + Level 1.2 Fighting
 + Level 1.9 Dodging
 + Level 3.6 Unarmed Combat
 + Level 2.3 Spellcasting
 + Level 2.2 Transmutations


You had 4 spell levels left.
You knew the following spells:

 Your Spells              Type           Power      Damage    Failure   Level
a - Beastly Appendage     Tmut           14%        N/A       10%         1

Your spell library contained the following spells:

 Spells                   Type           Power      Damage    Failure   Level
 Wereblood                Tmut           7%         N/A       16%         2
 Spider Form              Tmut/Pois      4%         N/A       43%         3
 Ice Form                 Ice/Tmut       4%         N/A       83%         4


Dungeon Overview and Level Annotations

Branches:
Dungeon (1/15)

Altars:


Innate Abilities, Weirdness & Mutations

You have temporarily grown beastly horns and talons.
Your plain brown scales are hard. (AC +4)
You cannot fit into any form of body armour.
You are cold-blooded and may be slowed by cold attacks.


Message History

The endoplasm freezes you.
You are frozen.
You feel yourself slow down.
You hit the endoplasm.
The endoplasm is moderately wounded.
The hobgoblin barely misses you. The endoplasm hits you.
You feel yourself speed up. The hobgoblin closely misses you.
The endoplasm hits you but does no damage.
The hobgoblin barely misses you. The endoplasm freezes you.
You are frozen.
You feel yourself slow down.
You hit the hobgoblin.
The hobgoblin is heavily wounded.
The hobgoblin hits you. The endoplasm closely misses you.
You completely miss the hobgoblin.
The hobgoblin is heavily wounded.
The hobgoblin hits you.
The endoplasm hits you but does no damage.
The hobgoblin hits you. The endoplasm misses you.
You hit the hobgoblin.
You kill the hobgoblin!
The endoplasm misses you.
You feel yourself speed up. The endoplasm freezes you.
You are frozen.
The endoplasm barely misses you.
You see here a hobgoblin corpse.
The endoplasm freezes you.
You are frozen.
* * * LOW HITPOINT WARNING * * *
The endoplasm misses you. The endoplasm freezes you.
You are frozen.
* * * LOW HITPOINT WARNING * * *
Unknown command.
Casting: Beastly Appendage (safe; 10% risk of failure)
Confirm with . or Enter, or press ? or * to list all spells.
You grow a pair of large bovine horns.
Your feet morph into talons.
The endoplasm freezes you.
You are frozen.
You die...

##.##.# #...#
#.#.#..P. ##...###
#... #...#P..P #.###.#
.. #...#PP♣. #.#
#..##### ..# #...#P...
#.###....... ..#
#.<.#.... ##.##......#
#.# #...#♣.P.
#.........# #.#
#...#P.P. #.##......#
#.# #...#♣.PP #.#
#.##@###.####.#.#P.P♣
#.#
#....J........#.#..P.
#.#
####.†..........#.P..
#.# ####...###...#♣♣♣P
#.###########.####...#
#
#...................##
#####.#######÷#######
###.#######.#
#........##.#


You could see an endoplasm.

Vanquished Creatures
  A dart slug (D:1)
  2 bats (D:1)
  3 endoplasms (D:1)
  A giant cockroach (D:1)
  4 goblins (D:1)
  2 hobgoblins (D:1)
  3 quokkas (D:1)
  3 frilled lizards (D:1)
  A kobold (D:1)
20 creatures vanquished.

Notes
Turn   | Place    | Note
-------+----------+-------------------------------------------
     0 | D:1      | subawu the Draconian Transmuter began the quest for the
                  | Orb.
     0 | D:1      | Reached XP level 1. HP: 16/16 MP: 3/3
   145 | D:1      | Reached XP level 2. HP: 19/23 MP: 5/5
   469 | D:1      | HP: 1/23 [frozen (4)]
   470 | D:1      | Frozen to death by an endoplasm

Illustrated notes

Levels and vault maps discovered:
D:1:      minmay_arrival_arboretum_small, layout_loops_ring,
          hellmonk_ecumenical_altar_inner_sanctum, minmay_cut_off

Action                     || total
---------------------------++-------
  Melee: Unarmed           ||    80
         Tailslap          ||     7
         Kick              ||     3
         Headbutt          ||     1
         Punch             ||     1
   Cast: Beastly Appendage ||     2
 Armour: Skin              ||    35
  Dodge: Dodged            ||    72

Table legend: (Time is in decaauts)
 A = Elapsed time spent in this place.
 B = Non-inter-level travel time spent in this place.
 C = Inter-level travel time spent in this place.
 D = Time resting spent in this place.
 E = Time spent auto-exploring this place.
 F = Levels seen in this place.
 G = Mean time per level.
                   A        B        C        D        E       F      G
               +--------+--------+--------+--------+--------+-----+--------+
         Total |    469 |    461 |      8 |      0 |      0 |   1 |  469.0 |
       Dungeon |    469 |    461 |      8 |      0 |      0 |   1 |  469.0 |
               +--------+--------+--------+--------+--------+-----+--------+

Top non-repeatable levels by time:
     D:1: 469 daAuts
